 Dungeon Crawl Stone Soup version 0.31-a0-931-g7b59d4eb97 (webtiles) character file.

Game seed: 12067308021809110552

54 BinkBink the Slasher (level 3, -3/23 HPs)
             Began as a Tengu Monk on Oct 19, 2023.
             Slain by a gnoll
             ... wielding a +0 spear
              (8 damage)
             ... on level 2 of the Dungeon.
             The game lasted 00:01:14 (1251 turns).

BinkBink the Slasher (Tengu Monk)                   Turns: 1251, Time: 00:01:14

Health: -3/23      AC:  3    Str: 11    XL:     3   Next: 91%
Magic:  4/4        EV: 13    Int: 10    God:
Gold:   89         SH:  0    Dex: 18    Spells: 2/2 levels left

rFire   . . .        a - +0 falchion
rCold   . . .        d - orb {light}
rNeg    . . .        e - +0 leather armour
rPois   .            (helmet restricted)
rElec   .            (no cloak)
rCorr   .            (no gloves)
SInv    .            (boots unavailable)
Will    .....        (no amulet)
Stlth   +            (no ring)
HPRegen 0.23/turn    (no ring)
MPRegen 0.09/turn

%: acrobat
@: glowing
A: beak, talons 3, acrobatic
a: no special abilities


You were on level 2 of the Dungeon.
You visited 1 branch of the dungeon, and saw 2 of its levels.

You collected 89 gold pieces.

Inventory:

Hand Weapons
 a - a +0 falchion (weapon)
Armour
 b - a +0 robe
 d - an orb of light (worn)
 e - a +0 leather armour (worn)
Scrolls
 g - a scroll of noise {unknown}
 i - a scroll of silence {unknown}
 j - 2 scrolls of teleportation {unknown}
 k - 2 scrolls of identify {unknown}
Potions
 c - a potion of ambrosia
 f - 2 potions of haste {unknown}
 h - 2 potions of lignification {unknown}
 l - a potion of curing {unknown}


   Skills:
 + Level 3.3 Fighting
 * Level 4.1 Long Blades
 + Level 1.3 Armour
 + Level 3.7 Dodging


You had 2 spell levels left.
You didn't know any spells.
Your spell library was empty.

Dungeon Overview and Level Annotations

Branches:
Dungeon (2/15)

Altars:


Innate Abilities, Weirdness & Mutations

You have a beak for a mouth.
You have claws for feet.
You can magically evade attacks while moving or waiting.


Message History

The gnoll shouts!
A gnoll is nearby!
A gnoll is nearby!
A gnoll is nearby!
A gnoll comes into view. It is wielding a +0 flail.
The gnoll shouts!
You barely miss the gnoll. You claw the gnoll, but do no damage.
You peck the gnoll, but do no damage. The gnoll closely misses you.
A gnoll comes into view. It is wielding a +0 spear.
The gnoll shouts!
You hit the gnoll. You claw the gnoll.
The gnoll is moderately wounded.
You hit the gnoll.
The gnoll is severely wounded.
The gnoll closely misses you. The gnoll completely misses you.
You barely miss the gnoll.
The gnoll is severely wounded.
The gnoll hits you from afar with a +0 spear.
The gnoll misses you. The gnoll misses you.
The gnoll attacks as it pursues you! The gnoll closely misses you.
You hit the gnoll. You claw the gnoll, but do no damage.
The gnoll is moderately wounded.
The gnoll hits you with a +0 whip.
You hit the gnoll but do no damage. You claw the gnoll.
The gnoll is moderately wounded.
The gnoll closely misses you.
You slash the gnoll! You claw the gnoll.
You kill the gnoll!
The gnoll barely misses you.
You barely miss the gnoll.
The gnoll is severely wounded.
The gnoll barely misses you.
The gnoll hits you from afar with a +0 spear.
You hit the gnoll. Your kick misses the gnoll. You peck the gnoll.
The gnoll is almost dead.
The gnoll hits you with a +0 flail!
* * * LOW HITPOINT WARNING * * *
The gnoll hits you from afar with a +0 spear!
You die...

#.###).##... #......###..
#.....## #.. #...### #..
#.#### ##. ## #....#### #.
#.##.......####
#######....†...[..##
#$g@....#..........#
#.#.###g#######.###.####..
........# #.# #..†##..
.##.##..# #.# #....#..
....# #.# #....#.. ###.##
#.. #....... .. $.
######.. ### #.. ####..


You could see 2 gnolls.

Vanquished Creatures
  A gnoll (D:2)
  An adder (D:2)
  A dart slug (D:2)
  6 ball pythons
  4 endoplasms
  3 giant cockroaches (D:1)
  4 goblins
  2 hobgoblins
  3 jackals (D:2)
  A quokka (D:1)
  A frilled lizard (D:1)
  A kobold (D:1)
  2 rats
30 creatures vanquished.

Notes
Turn   | Place    | Note
-------+----------+-------------------------------------------
     0 | D:1      | BinkBink the Tengu Monk began the quest for the Orb.
     0 | D:1      | Reached XP level 1. HP: 14/14 MP: 2/2
   106 | D:1      | Reached XP level 2. HP: 19/19 MP: 3/3
   819 | D:2      | Reached skill level 1 in Armour
   819 | D:2      | Reached XP level 3. HP: 22/23 MP: 4/4
  1146 | D:2      | Reached skill level 4 in Long Blades
  1251 | D:2      | Slain by a gnoll

Illustrated notes

Levels and vault maps discovered:
D:1:      dpeg_arrival_court, layout_basic
D:2:      minmay_recursive_quarters, layout_loops_cross

Skill      XL: |  1  2  3 |
---------------+----------+-----
Armour         | 1 |  1.3
Long Blades    | 4 |  4.1
Fighting       | |  3.3
Dodging        | |  3.7

Action                     || total
---------------------------++-------
  Melee: Falchion          ||    61
         Kick              ||    20
         Peck              ||     9
 Armour: Robe              ||     2
         Leather armour    ||    18
  Dodge: Dodged            ||    45

Table legend: (Time is in decaauts)
 A = Elapsed time spent in this place.
 B = Non-inter-level travel time spent in this place.
 C = Inter-level travel time spent in this place.
 D = Time resting spent in this place.
 E = Time spent auto-exploring this place.
 F = Levels seen in this place.
 G = Mean time per level.
                   A        B        C        D        E       F      G
               +--------+--------+--------+--------+--------+-----+--------+
         Total |   1257 |   1243 |     14 |     53 |   1031 |   2 |  628.5 |
       Dungeon |   1257 |   1243 |     14 |     53 |   1031 |   2 |  628.5 |
               +--------+--------+--------+--------+--------+-----+--------+

Top non-repeatable levels by time:
     D:1: 808 daAuts
     D:2: 449 daAuts
